 Dungeon Crawl Stone Soup version 0.23-a0-650-ga4d50d4 (webtiles) character file.

131 Gawd the Charmwright (level 5, -1/41 HPs)
             Began as a Barachi Skald on Jan 3, 2019.
             Slain by an orc
             ... wielding a cursed -2 trident
              (2 damage)
             ... on level 3 of the Dungeon.
             The game lasted 00:06:30 (2736 turns).

Gawd the Charmwright (Barachi Skald)                Turns: 2736, Time: 00:06:31

Health: -1/41      AC:  5    Str: 13    XL:     5   Next: 14%
Magic:  8/8        EV: 11    Int: 13    God:
Gold:   73         SH:  3    Dex: 12    Spells: 2/8 levels left

rFire    . . .     SeeInvis .   r - +0 long sword
rCold    . . .     Gourm    .   (no shield)
rNeg     . . .     Faith    .   g - +0 ring mail
rPois    .         Spirit   .   (no helmet)
rElec    .         Reflect  +   (no cloak)
rCorr    .         Harm     .   (no gloves)
MR       .....                  (no boots)
Stlth    +.........             c - +3 amulet of reflection
HPRegen  0.13/turn              (no ring)
MPRegen  0.11/turn              (no ring)

@: slow
A: +LOS, swims, slowness 1, strong legs 1
a: Hop


You were on level 3 of the Dungeon.
You were not hungry.

You visited 1 branch of the dungeon, and saw 3 of its levels.

You collected 73 gold pieces.

Inventory:

Hand Weapons
 a - a +0 falchion
 h - a +0 spear
 o - a +0 blowgun
 r - a +0 long sword (weapon)
Missiles
 k - 64 stones (quivered)
 p - 11 poisoned needles
Armour
 b - a +0 leather armour
 g - a +0 ring mail (worn)
Jewellery
 c - a +3 amulet of reflection (around neck)
 m - an uncursed ring of positive energy
Scrolls
 i - a scroll of amnesia {unknown}
 l - a scroll of teleportation {unknown}
 n - a scroll of magic mapping {unknown}
Potions
 e - a potion of berserk rage {unknown}
 f - a potion of brilliance {unknown}
 q - a potion of magic {unknown}
Comestibles
 d - 4 rations
 j - 7 chunks of flesh


   Skills:
 + Level 3.0 Fighting
 + Level 3.8 Long Blades
 + Level 2.7 Armour
 + Level 3.0 Dodging
 + Level 2.4 Spellcasting
 + Level 4.0 Charms


You had 2 spell levels left.
You knew the following spells:

 Your Spells              Type           Power        Failure   Level  Hunger
a - Infusion              Chrm           ##..         10%         1    #......
b - Song of Slaying       Chrm           ##......     14%         2    ###....
c - Regeneration          Chrm/Necr      #.........   54%         3    ###....

Your spell library contained the following spells:

 Spells                   Type           Power        Failure   Level  Hunger
 Shroud of Golubria       Chrm/Tloc      #.........   32%         2    ###....
 Spectral Weapon          Hex/Chrm       #.......     54%         3    ###....


Dungeon Overview and Level Annotations

Branches:
Dungeon (3/15)

Altars:

Annotations:
D:1 exclusion: downstairs
D:3 2 transporters


Innate Abilities, Weirdness & Mutations

Shadows flee at your approach. (+LOS)
You can swim through water.
You cover ground slowly.
You can hop short distances.


Message History

The orc wizard is heavily wounded.
You hit the orc wizard.
The orc wizard is severely wounded.
The orc misses you.
The orc wizard hits you but does no damage.
You completely miss the orc wizard.
The orc wizard is severely wounded.
The orc wizard gestures at you while chanting.
The magic dart hits you! The orc closely misses you.
The orc wizard barely misses you.
You closely miss the orc wizard.
The orc wizard is severely wounded.
The orc wizard casts a spell at you. The puff of frost hits you!
* * * LOW HITPOINT WARNING * * *
The orc hits you from afar with a cursed -2 trident.
* * * LOW HITPOINT WARNING * * *
The orc wizard closely misses you.
The orc hits you from afar with a cursed -2 trident.
You die...

#...)#o# ###
#<######...# #...##.#
##.## #.# ...# ...o
#o#####...## #.# #.##
.>.###..........###.#
.#
...#......o......##.#
.# ##
########o....###.#
##รท.)## #.#
##.#####.# #ooo@...#
#########


You could see an orc wizard and 2 orcs.

Vanquished Creatures
  An orc wizard (D:3)
  4 adders
  A gnoll (D:1)
  4 dart slugs
  3 leopard geckos (D:2)
  4 orcs (D:3)
  A ball python (D:2)
  5 bats
  3 giant cockroaches
  5 goblins
  3 hobgoblins
  A frilled lizard (D:1)
  5 kobolds
  5 rats
45 creatures vanquished.

Notes
Turn   | Place    | Note
-------+----------+-------------------------------------------
     0 | D:1      | Gawd the Barachi Skald began the quest for the Orb.
     0 | D:1      | Reached XP level 1. HP: 17/17 MP: 3/3
   385 | D:1      | Reached XP level 2. HP: 16/23 MP: 5/5
   476 | D:1      | Learned a level 2 spell: Song of Slaying
   921 | D:1      | Reached XP level 3. HP: 28/28 MP: 6/6
  1886 | D:2      | Reached XP level 4. HP: 30/34 MP: 7/7
  1952 | D:2      | Learned a level 3 spell: Regeneration
  2418 | D:3      | Reached XP level 5. HP: 27/41 MP: 1/8
  2572 | D:3      | Found a transporter.
  2573 | D:3      | Found a transporter.
  2678 | D:3      | Reached skill level 4 in Charms
  2736 | D:3      | HP: 1/41 [orc/cursed -2 trident (6)]
  2736 | D:3      | Slain by an orc

Vault maps used:
D:1:      mrwooster_arrival_statue_3
D:3:      gammafunk_steamed_eel, grunt_ministairs_12

Skill      XL: |  1  2  3  4  5 |
---------------+----------------+-----
Long Blades    | 3 |  3.8
Armour         | 2 |  2.7
Fighting       | 3 |  3.0
Dodging        | 3 |  3.0
Charms         | 4 |  4.0
Spellcasting   | |  2.4

Action                   |  1- 3 |  4- 6 || total
-------------------------+-------+-------++-------
Melee: Falchion          |    94 |    59 ||   153
       Long sword        |       |    13 ||    13
Throw: Stone             |       |     2 ||     2
 Cast: Infusion          |       |     2 ||     2
 Abil: Hop               |     2 |       ||     2
  Eat: Chunk             |     1 |     2 ||     3
       Ration            |     1 |       ||     1
Armor: Ring mail         |    22 |    26 ||    48
Dodge: Dodged            |    59 |    35 ||    94
Block: Other             |    17 |     8 ||    25
       Rpst.: Falchion   |    15 |     5 ||    20
       Long sword        |       |     3 ||     3

Table legend:
 A = Non-vault XP
 B = Vault XP
 C = Vault XP percentage of total XP
 D = Non-vault monster count
 E = Vault monster count
 F = Vault count percentage of total count
                 A         B        C        D         E       F
            +---------+---------+-------+---------+---------+-------
      Total |     185 |       3 |   1.6 |      44 |       1 |   2.2
            +---------+---------+-------+---------+---------+-------
        D:1 |      39 |       0 |   0.0 |      13 |       0 |   0.0
        D:2 |      55 |       0 |   0.0 |      15 |       0 |   0.0
        D:3 |      91 |       3 |   3.2 |      16 |       1 |   5.9
            +---------+---------+-------+---------+---------+-------
